 Dungeon Crawl Stone Soup version 0.28-a0-957-g42eb19b844 (console) character file.

Game seed: 13725515397020282043

2655 petzl the Magician (level 9, -2/91 HPs)
             Began as an Octopode Arcane Marksman on Nov 30, 2021.
             Was a Follower of Vehumet.
             Slain by a killer bee (5 damage)
             ... on level 7 of the Dungeon.
             The game lasted 00:46:59 (12826 turns).

petzl the Magician (Octopode Arcane Marksman)      Turns: 12826, Time: 00:47:00

Health: -2/91      AC: 24    Str: 10    XL:     9   Next: 62%
Magic:  26/26      EV:  2    Int: 19    God:    Vehumet [*.....]
Gold:   234        SH:  0    Dex: 12    Spells: 10/19 levels left

rFire   . . .      SeeInvis .   b - +0 hand crossbow (elec)
rCold   . . .      Faith    .   (no shield)
rNeg    . . .      Spirit   .   (helmet currently unavailable)
rPois   +          Reflect  .   g - amulet of the acrobat
rElec   .          Harm     .   B - ring of magical power
rCorr   +          Rampage  .   C - ring of resist corrosion
Will    .....      NoTele   +   (no ring)
Stlth   +++.......              (no ring)
HPRegen 0.25/turn               (no ring)
MPRegen 0.20/turn               (no ring)
                                (no ring)
                                (no ring)

@: tree-form
A: stationary, stasis, torment immunity, boosted hp, almost no armour,
(amphibious), 8 rings, (camouflage 1), (gelatinous body 1), (nimble swimmer 1),
(tentacles)
a: Renounce Religion


You were on level 7 of the Dungeon.
You worshipped Vehumet.
Vehumet was aware of your devotion.
You were a tree.
You visited 2 branches of the dungeon, and saw 10 of its levels.

You collected 339 gold pieces.
You spent 105 gold pieces at shops.

Inventory:

Hand Weapons
 a - a +0 short sword
 b - a +0 hand crossbow of electrocution (weapon)
 l - a +0 dagger of pain {!f =f}
 D - a +5 vorpal spear {!f =f}
Missiles
 c - 7 bolts (quivered ammo)
 h - 17 poisoned darts
 v - 4 javelins
 G - a throwing net
Jewellery
 g - an amulet of the acrobat (around neck)
 B - a ring of magical power (left branch)
 C - a ring of resist corrosion (right branch)
Wands
 n - a wand of charming (13)
 o - a wand of flame (49)
 q - a wand of iceblast (16)
Scrolls
 e - a scroll of acquirement
 f - a scroll of silence
 k - 3 scrolls of teleportation
 m - 3 scrolls of immolation
 p - 3 scrolls of fog
 t - 2 scrolls of amnesia
 u - 2 scrolls of magic mapping
 x - 2 scrolls of vulnerability
 y - a scroll of enchant weapon {unknown}
Potions
 d - a potion of resistance {unknown}
 i - a potion of magic {unknown}
 j - 2 potions of attraction
 s - a potion of mutation {unknown}
 w - a potion of lignification
 z - a potion of berserk rage {unknown}
 A - 2 potions of curing {unknown}
 E - a potion of might {unknown}
 F - a potion of ambrosia {unknown}


   Skills:
 + Level 5.1 Fighting
 - Level 4.0 Crossbows
 - Level 3.9 Dodging
 - Level 4.8 Stealth
 + Level 5.5 Spellcasting
 + Level 4.6 Conjurations
 - Level 3.0 Hexes
 - Level 4.0 Transmutations
 - Level 4.0 Poison Magic
 - Level 3.0 Evocations


You had 10 spell levels left.
You knew the following spells:

 Your Spells              Type           Power      Damage    Failure   Level
a - Slow                  Hex            64%        N/A       3%          1
b - Sting                 Tmut/Pois      80%        1d7       2%          1
c - Iron Shot             Conj/Erth      7%         9d2       100%        6
P - Apportation           Tloc           10%        N/A       12%         1

Your spell library contained the following spells:

 Spells                   Type           Power      Damage    Failure   Level
 Sandblast                Erth           10%        2d5       12%         1
 Animate Skeleton         Necr           10%        N/A       12%         1
 Pain                     Necr           20%        1d5       12%         1
 Scorch                   Fire           10%        2d6       19%         2
 Inner Flame              Hex/Fire       10%        N/A       19%         3
 Portal Projectile        Hex/Tloc       20%        N/A       19%         3
 Vampiric Draining        Necr           5%         2d6       34%         3
 Cause Fear               Hex            8%         N/A       34%         4
 Flame Wave               Conj/Fire      14%        2d5       41%         4
 Iskenderun's Battlesphe  Conj           22%        2d8       43%         5
 Alistair's Intoxication  Tmut/Pois      13%        N/A       54%         5
 Airstrike                Air            2%         N/A       75%         4
 Summon Ice Beast         Ice/Summ       5%         N/A       75%         4
 Summon Lightning Spire   Summ/Air       5%         N/A       75%         4
 Lightning Bolt           Conj/Air       7%         1d19      77%         5
 Summon Mana Viper        Hex/Summ       10%        N/A       87%         5
 Summon Cactus Giant      Summ           2%         N/A       100%        6
 Monstrous Menagerie      Summ           2%         N/A       100%        7
 Spellforged Servitor     Conj/Summ      7%         N/A       100%        7


Dungeon Overview and Level Annotations

Branches:
Dungeon (9/15)             Temple (1/1) D:5
   Lair: D:8-11         Orc: D:9-12

Altars:
Ashenzari
Cheibriados
Dithmenos
Elyvilon
Fedhas
Gozag
Hepliaklqana
Makhleb
Okawaru
Ru
Sif Muna
Trog
Vehumet
Wu Jian
Xom
Zin

Shops:
D:5 [?

Annotations:
D:4 exclusion: downstairs, Edmund
D:7 exclusion: 3 killer bees
D:8 exclusion: downstairs


Innate Abilities, Weirdness & Mutations

You are a tree.
Your roots penetrate the ground, keeping you stationary.
You cannot be teleported.
You are immune to unholy pain and torment.
Your maximum health is greatly increased.
You cannot wear most types of armour.
((You are amphibious.))
You can wear up to eight rings at the same time.
((Your skin changes colour to match your surroundings (Stealth+).))
((Your rubbery body absorbs attacks. (AC +1, EV +1)))
((You are camouflaged near water. (Stealth+)))
((You have tentacles for arms and can constrict up to eight enemies at once.))


Message History

* * * LOW HITPOINT WARNING * * *
You are lethally poisoned!
The killer bee poisons you! The killer bee barely misses you.
The gnoll shouts!
You climb upwards.
Level annotation: exclusion: 3 killer bees
* * * LOW HITPOINT WARNING * * *
You feel very sick.
There is a stone staircase leading down here.
Okay, then.
You feel much better.
You feel very sick. The killer bee stings you!
The killer bee stings you but does no damage.
The killer bee misses you. The killer bee closely misses you.
The gnoll hits you with a +0 club!
* * * LOW HITPOINT WARNING * * *
Okay, then.
Okay, then.
Okay, then.
Aiming: Charm
Press: ? - help, Shift-Dir - straight line, f - killer bee
Aim: a killer bee (chance to affect: 63%)
The killer bee is charmed.
You feel sick. The killer bee closely misses you. The killer bee stings you.
* * * LOW HITPOINT WARNING * * *
The gnoll closely misses you.
You feel sick. The killer bee misses you. The gnoll completely misses you.
You feel sick. The killer bee closely misses you.
You feel sick.
Your killer bee stings the killer bee.
The killer bee is poisoned.
Your killer bee poisons the killer bee!
The killer bee completely misses you.
Your killer bee misses the killer bee.
The gnoll hits you with a +0 club.
* * * LOW HITPOINT WARNING * * *
You feel sick. The killer bee misses you.
Your killer bee closely misses the killer bee.
You feel sick. The killer bee misses you.
Your killer bee misses the killer bee.
It was a potion of lignification.
You turn into a tree.
Your roots penetrate the ground.
You feel sick.
You are no longer poisoned.
Your killer bee completely misses the killer bee.
The killer bee stings you but does no damage.
The gnoll hits your killer bee with a +0 club.
Your killer bee stings the gnoll!
The gnoll is poisoned.
Your killer bee poisons the gnoll!
The killer bee stings you.
You die...

#..# #........#####............
#)<# #........######...........
#..# #...........###....##..###
#.)## #.......###.##.....###..#
#...## #.......##.......(.####.##
##.).###.......##..#.............
#.#..#..####........###.#####.##
#[#.).........#...#####.###.....
#.###.[######...#.# #...[......
#.###.#### ###.#.####..######..
#..##....######....).......# #..
#.................##.....^.###..
#........#.####...#.............
#........#..##................#.
#...>....##..................###
#........####.##............##
#####..#####..##............#
##.##...................#
#.♣yy..................#
###########g..>..#............# #
#........##......#............#
##
#.................##..........#
#≈
#........#......#............##
#≈ ###########>................##
## ##########.......## #.......#
#########


You could see a killer bee (very poisoned), a gnoll (very poisoned, ally target)
and a friendly killer bee (charmed).

Vanquished Creatures
  2 water moccasins
  3 ice beasts
  3 ogres
  A necrophage (D:6)
  A centaur (D:7)
  2 phantoms
  2 kobold brigands
  2 gnoll sergeants (D:8)
  3 bullfrogs
  A scorpion (D:5)
  A water moccasin zombie (D:5)
  2 killer bees (D:8)
  5 wights (D:7)
  3 electric eels (D:7)
  A howler monkey (D:5)
  2 hounds
  A jelly (D:7)
  A bullfrog skeleton (D:5)
  4 orc wizards
  3 iguanas
  A killer bee zombie (D:8)
  12 gnolls
  4 adders
  2 worms (D:2)
  2 dart slugs
  17 orcs
  2 ball pythons
  4 endoplasms
  A giant cockroach (D:1)
  11 goblins
  5 hobgoblins
  7 jackals
  16 kobolds
  9 bats
  2 frilled lizards (D:2)
  3 rats
141 creatures vanquished.

Vanquished Creatures (others)
  11 fungi (D:5)
  4 plants (D:7)
15 creatures vanquished.

Grand Total: 156 creatures vanquished

Notes
Turn   | Place    | Note
-------+----------+-------------------------------------------
     0 | D:1      | petzl the Octopode Arcane Marksman began the quest for the
                  | Orb.
     0 | D:1      | Reached XP level 1. HP: 13/13 MP: 2/2
   104 | D:1      | Reached XP level 2. HP: 18/18 MP: 3/3
   110 | D:1      | Reached skill level 1 in Stealth
  1161 | D:2      | Reached XP level 3. HP: 23/23 MP: 5/5
  1892 | D:2      | Reached XP level 4. HP: 15/29 MP: 6/6
  3218 | D:3      | Got the Catalogue of Nocuous Ice
  3321 | D:3      | Noticed an ogre
  3807 | D:4      | Noticed an ice beast
  3904 | D:4      | Noticed an ogre
  3995 | D:4      | Reached XP level 5. HP: 34/34 MP: 6/8
  4910 | D:4      | Noticed Edmund
  5099 | D:4      | Killed an ice beast
  5100 | D:4      | Reached XP level 6. HP: 41/41 MP: 9/9
  5411 | D:5      | Entered Level 5 of the Dungeon
  5706 | D:5      | Reached XP level 7. HP: 21/46 MP: 11/11
  6010 | D:5      | Found Jawo's Antique Armour Boutique.
  6034 | D:5      | Found a staircase to the Ecumenical Temple.
  6045 | Temple   | Entered the Ecumenical Temple
  6253 | Temple   | Became a worshipper of Vehumet
  6343 | D:5      | Identified a scroll of acquirement
  6622 | D:5      | Found Lystofud's Magic Scroll Shoppe.
  6651 | D:5      | Bought a scroll of identify for 28 gold pieces
  6651 | D:5      | Bought a scroll of magic mapping for 49 gold pieces
  6651 | D:5      | Bought a scroll of identify for 28 gold pieces
  7061 | D:5      | Learned a level 6 spell: Iron Shot
  7063 | D:5      | Learned a level 1 spell: Sting
  7390 | D:6      | Reached skill level 1 in Poison Magic
  7482 | D:3      | Reached skill level 1 in Conjurations
  7482 | D:3      | Reached skill level 1 in Transmutations
  7608 | D:6      | Reached XP level 8. HP: 35/52 MP: 13/13
  8080 | D:6      | Reached skill level 1 in Evocations
  8444 | D:6      | Learned a level 1 spell: Apportation
 10138 | D:7      | HP: 1/54 [electric eel/bolt of electricity (13)]
 10989 | D:7      | Reached XP level 9. HP: 40/58 MP: 15/15
 11713 | D:8      | Found a white marble altar of Elyvilon.
 11805 | D:8      | Reached skill level 5 in Spellcasting
 11975 | D:8      | Reached * piety under Vehumet
 11975 | D:8      | Offered knowledge of Sandblast by Vehumet.
 12719 | D:8      | Reached skill level 5 in Fighting
 12824 | D:7      | HP: 3/61 [poisoned by a killer bee]
 12826 | D:7      | Slain by a killer bee

Illustrated notes

Levels and vault maps discovered:
D:1:      giann_bridges, layout_basic
D:2:      layout_basic, kennysheep_nondescript
D:3:      layout_basic, minmay_ogre_servants
D:4:      layout_basic, uniq_edmund
D:5:      layout_basic, minmay_temple_entry_statues_pillars, serial_shops, shop,
          nicolae_shop_crystal, serial_aquarium, aquarium_bridge_long_joined
          [aquarium_subvault_bridge, aquarium_subvault_wall,
          aquarium_subvault_window, aquarium_subvault_bridge,
          aquarium_subvault_wall, aquarium_subvault_bridge], aquarium_window_1,
          aquarium_window_1, aquarium_window_fake, aquarium_window_corner,
          aquarium_view_2d, aquarium_balcony_3a, aquarium_pool_corner,
          interstate_on_off
D:6:      layout_basic
D:7:      layout_rooms, chequers_big_river
D:8:      layout_loops_ring, kennysheep_mini_moat
D:9:      layout_loops_ring, nicolae_overflow_hidden_temple, david_lair_generic,
          david_orc_1_choice, minmay_variable_closet
Temple:   mainiacjoe_temple_cubbyholes

Skill      XL: |  1  2  3  4  5  6  7  8  9 |
---------------+----------------------------+-----
Stealth        | 1 2 3 4 |  4.8
Fighting       | 2 3 5 |  5.1
Spellcasting   | 2 3 4 5 |  5.5
Crossbows      | 3 4 |  4.0
Dodging        | 3 |  3.9
Poison Magic   | 1 3 4 |  4.0
Conjurations   | 1 3 4 |  4.6
Transmutations | 1 3 4 |  4.0
Evocations     | 2 3 |  3.0
Hexes          | |  3.0

Action                   |  1- 3 |  4- 6 |  7- 9 || total
-------------------------+-------+-------+-------++-------
Melee: Short sword       |    35 |    84 |   108 ||   227
       Constrict         |    11 |    23 |    24 ||    58
       Tentacles         |     2 |    23 |    23 ||    48
 Fire: Hand crossbow     |    48 |    23 |   117 ||   188
Throw: Dart              |       |     4 |    39 ||    43
       Javelin           |       |       |     3 ||     3
 Cast: Slow              |       |    18 |    15 ||    33
       Sting             |       |       |    13 ||    13
Evoke: Wand              |       |     6 |    13 ||    19
  Use: Scroll            |       |       |     9 ||     9
       Potion            |       |       |     4 ||     4
 Stab: Sleeping          |     7 |     1 |     2 ||    10
Armor: Skin              |     7 |     2 |    11 ||    20
Dodge: Dodged            |    27 |    51 |   187 ||   265

Table legend: (Time is in decaauts)
 A = Elapsed time spent in this place.
 B = Non-inter-level travel time spent in this place.
 C = Inter-level travel time spent in this place.
 D = Time resting spent in this place.
 E = Time spent auto-exploring this place.
 F = Levels seen in this place.
 G = Mean time per level.
                   A        B        C        D        E       F      G
               +--------+--------+--------+--------+--------+-----+--------+
         Total |  12904 |  12276 |    628 |   4779 |   4565 |  10 | 1290.4 |
       Dungeon |  12677 |  12067 |    610 |   4779 |   4364 |   9 | 1408.6 |
        Temple |    226 |    208 |     18 |      0 |    201 |   1 |  226.0 |
               +--------+--------+--------+--------+--------+-----+--------+

Top non-repeatable levels by time:
     D:7: 2751 daAuts
     D:5: 1877 daAuts
     D:2: 1873 daAuts
     D:3: 1674 daAuts
     D:4: 1425 daAuts
     D:6: 1131 daAuts
     D:8: 1075 daAuts
     D:1: 864 daAuts
  Temple: 226 daAuts
     D:9: 4 daAuts
